 Dungeon Crawl Stone Soup version 0.22-a0-423-g4197694 (webtiles) character file.

39 Ijustatesigmund the Skirmisher (level 3, 0/37 HPs)
             Began as an Ogre Artificer on May 23, 2018.
             Slain by a worker ant (5 damage)
             ... on level 2 of the Dungeon.
             The game lasted 00:03:35 (2275 turns).

Ijustatesigmund the Skirmisher (Ogre Artificer)     Turns: 2275, Time: 00:03:35

Health: 0/37       AC:  3    Str: 21    XL:     3   Next: 45%
Magic:  4/4        EV: 10    Int: 12    God:
Gold:   65         SH:  0    Dex: 10    Spells: 2/2 levels left

rFire    . . .     SeeInvis .   a - +1 flail
rCold    . . .     Gourm    .   (no shield)
rNeg     . . .     Faith    .   b - +0 robe
rPois    .         Spirit   .   (helmet restricted)
rElec    .         Reflect  .   (no cloak)
rCorr    .         Harm     .   (gloves unavailable)
MR       .....                  (boots unavailable)
Stlth    +.........             (no amulet)
HPRegen  0.12/turn              (no ring)
MPRegen  0.09/turn              (no ring)

@: mighty, lethally poisoned (0 -> -2), very slightly contaminated, invisible
A: large, unfitting armour, tough skin 1
a: no special abilities


You were on level 2 of the Dungeon.
You were not hungry.

You visited 1 branch of the dungeon, and saw 2 of its levels.

You collected 65 gold pieces.

Inventory:

Hand Weapons
 a - a +1 flail (weapon)
Armour
 b - a +0 robe (worn)
Jewellery
 m - an uncursed ring of protection from magic {unknown}
Wands
 c - a wand of flame (15)
 d - a wand of enslavement (15)
 e - a wand of random effects (15)
Scrolls
 l - a scroll of remove curse
 o - a scroll of teleportation
Potions
 g - a potion of lignification {unknown}
 j - a potion of agility {unknown}
 k - a potion of curing {unknown}
Comestibles
 f - 2 rations


   Skills:
 + Level 3.2 Fighting
   Level 0.8 Short Blades
 + Level 1.7 Maces & Flails
 - Level 1.7 Dodging
 - Level 0.6 Stealth
 - Level 2.4 Evocations


You had 2 spell levels left.
You didn't know any spells.
Your spell library was empty.

Dungeon Overview and Level Annotations

Branches:
Dungeon (2/15)

Altars:


Innate Abilities, Weirdness & Mutations

You are too large for most types of armour.
You have tough skin. (AC +1)


Message History

You are too injured to fight recklessly!
You are too injured to fight recklessly!
You are too injured to fight recklessly!
You feel very mighty all of a sudden. The hobgoblin hits you with a club.
* * * LOW HITPOINT WARNING * * *
The worker ant closely misses you.
You thump the worker ant!
The worker ant is severely wounded.
You feel sick. The worker ant misses you. The hobgoblin hits you with a club.
* * * LOW HITPOINT WARNING * * *
The worker ant closely misses you.
It was a potion of invisibility.
You fade into invisibility!
The hobgoblin closely misses you. The worker ant barely misses you.
You are very lightly contaminated with residual magic.
You feel sick.
There is a stone staircase leading down here.
The worker ant bites you.
You die...

#.####.............. #.*
#........####..
#.####........####..
#.#.................
#####.#(#####.##..####..
#........####.#*..#*##..
#...........#.##<..,....
#...................###.
#......@....###...#.....
#.....ga....$....,*.....
#......>.........,,.....
#.................*.###.
****#.................*.###.
*,,,..................,,....
*,,,......##..........*,*#..
*,,,......*#.........,#+##..
*,,,......*#...####.........


You could see a worker ant and a hobgoblin.

Vanquished Creatures
  A worm (D:2)
  A leopard gecko (D:2)
  An orc (D:2)
  4 bats
  6 giant cockroaches
  3 goblins
  4 hobgoblins (D:1)
  A quokka (D:2)
  A frilled lizard (D:2)
  6 kobolds
  3 rats
31 creatures vanquished.

Notes
Turn   | Place    | Note
-------+----------+-------------------------------------------
     0 | D:1      | Ijustatesigmund the Ogre Artificer began the quest for the Orb.
     0 | D:1      | Reached XP level 1. HP: 19/19 MP: 2/2
   276 | D:1      | Reached skill level 2 in Fighting
   646 | D:1      | Reached XP level 2. HP: 20/28 MP: 3/3
   942 | D:1      | Reached skill level 1 in Maces & Flails
  1761 | D:2      | Reached XP level 3. HP: 33/36 MP: 4/4
  1767 | D:2      | Reached skill level 3 in Fighting
  2275 | D:2      | Slain by a worker ant

Vault maps used:
D:1:      lightli_arrival_maybe_door_vault

Skill      XL: |  1  2  3 |
---------------+----------+-----
Fighting       | 2 3 |  3.2
Maces & Flails | 1 |  1.7
Short Blades   | |  0.8
Dodging        | |  1.7
Stealth        | |  0.6
Evocations     | |  2.4

Action                   || total
-------------------------++-------
Melee: Whip              ||   120
       Short sword       ||     2
       Flail             ||    37
  Use: Scroll            ||     5
       Potion            ||     2
  Eat: Chunk             ||     4
Armor: Robe              ||    63
Dodge: Dodged            ||   111

Table legend:
 A = Spawn XP
 B = Non-spawn XP
 C = Spawn XP percentage of total XP
 D = Spawn monster count
 E = Non-spawn monster count
 F = Spawn count percentage of total count
 G = Total turns spent on level
                    A         B        C        D         E        F      G
               +---------+---------+-------+---------+---------+-------+---------
         Total |       0 |      56 |   0.0 |       0 |      31 |   0.0 |  2275
               +---------+---------+-------+---------+---------+-------+---------
           D:1 |       0 |      26 |   0.0 |       0 |      16 |   0.0 |  1662
           D:2 |       0 |      30 |   0.0 |       0 |      15 |   0.0 |   613
               +---------+---------+-------+---------+---------+-------+---------
